[gd_scene load_steps=6 format=2]

[ext_resource path="res://Assets/GFX/HUD/bannerHanging.png" type="Texture" id=1]
[ext_resource path="res://Assets/Fonts/candles_.ttf" type="DynamicFontData" id=2]
[ext_resource path="res://Assets/GFX/HUD/coin_bronze.png" type="Texture" id=3]
[ext_resource path="res://Assets/GFX/HUD/lifes.png" type="Texture" id=4]

[sub_resource type="DynamicFont" id=1]
size = 55
font_data = ExtResource( 2 )

[node name="GUI" type="CanvasLayer"]

[node name="Banner" type="TextureRect" parent="."]
anchor_left = 1.0
anchor_right = 1.0
margin_left = -400.0
margin_top = 40.0
margin_right = -40.0
margin_bottom = 156.0
texture = ExtResource( 1 )
expand = true

[node name="HBoxContainer" type="HBoxContainer" parent="Banner"]
anchor_left = 1.0
anchor_right = 1.0
anchor_bottom = 1.0
margin_left = -345.0
margin_top = 33.3664
margin_right = -16.0002
margin_bottom = -11.6336
alignment = 1

[node name="CoinCount" type="Label" parent="Banner/HBoxContainer"]
margin_left = 30.0
margin_right = 102.0
margin_bottom = 71.0
custom_fonts/font = SubResource( 1 )
text = "00"
valign = 1

[node name="Coin" type="TextureRect" parent="Banner/HBoxContainer"]
margin_left = 106.0
margin_right = 166.0
margin_bottom = 71.0
texture = ExtResource( 3 )

[node name="LifeCount" type="Label" parent="Banner/HBoxContainer"]
margin_left = 170.0
margin_right = 242.0
margin_bottom = 71.0
custom_fonts/font = SubResource( 1 )
text = "00"
valign = 1

[node name="Life" type="TextureRect" parent="Banner/HBoxContainer"]
margin_left = 246.0
margin_right = 298.0
margin_bottom = 71.0
texture = ExtResource( 4 )

